 Dungeon Crawl Stone Soup version 0.27-a0-679-g77a6b55cf3 (webtiles) character file.

Game seed: 16588228238515964080

112 rednaxela the Ruffian (level 4, 0/35 HPs)
             Began as a Palentonga Summoner on Mar 18, 2021.
             Killed from afar by an orc wizard (4 damage)
             ... with a puff of flame
             ... on level 3 of the Dungeon.
             The game lasted 00:08:25 (4109 turns).

rednaxela the Ruffian (Palentonga Summoner)         Turns: 4109, Time: 00:08:26

Health: 0/35       AC:  6    Str: 12    XL:     4   Next: 64%
Magic:  7/7        EV:  8    Int: 16    God:
Gold:   88         SH:  3    Dex: 10    Spells: 6/7 levels left

rFire    . . .     SeeInvis +     - Unarmed
rCold    . . .     Faith    .   d - +0 buckler
rNeg     . . .     Spirit   .   c - +0 ring mail
rPois    .         Reflect  .   (no helmet)
rElec    .         Harm     .   (no cloak)
rCorr    +         Rampage  .   a - +0 pair of gloves
Will     .....                  (no barding)
Stlth    +.........             (no amulet)
HPRegen  0.11/turn              g - ring of resist corrosion
MPRegen  0.10/turn              (no ring)

@: no status effects
A: large, rugged brown scales 3, see invisible, deformed body, roll 1, armoured
tail
a: Rolling Charge


You were on level 3 of the Dungeon.
You visited 1 branch of the dungeon, and saw 4 of its levels.

You collected 88 gold pieces.

Inventory:

Missiles
 e - 106 stones
 f - 3 poisoned darts (quivered)
Armour
 a - a +0 pair of gloves (worn)
   (You found it on level 1 of the Dungeon)
 c - a +0 ring mail (worn)
   (You found it on level 1 of the Dungeon)
 d - a +0 buckler (worn)
   (You found it on level 2 of the Dungeon)
Jewellery
 g - a ring of resist corrosion (right hand)
   (You found it on level 3 of the Dungeon)
Scrolls
 h - a scroll of enchant armour
 i - a scroll of magic mapping {unknown}
 k - a scroll of immolation {unknown}
 l - a scroll of enchant weapon {unknown}
 n - a scroll of teleportation {@r3 !r}
Potions
 b - a potion of magic {unknown}
 j - 2 potions of mutation {unknown}
 m - a potion of curing {unknown}
 o - a potion of ambrosia {unknown}


   Skills:
 - Level 1.5 Dodging
 - Level 1.2 Stealth
 + Level 1.4 Shields
 + Level 3.7 Unarmed Combat
 - Level 2.0 Spellcasting
 - Level 3.2 Summonings


You had 6 spell levels left.
You knew the following spells:

 Your Spells              Type           Power      Damage    Failure   Level
a - Summon Small Mammal   Summ           48%        N/A       16%         1

Your spell library contained the following spells:

 Spells                   Type           Power      Damage    Failure   Level
 Call Imp                 Summ           12%        N/A       22%         2
 Call Canine Familiar     Summ           12%        N/A       41%         3
 Summon Guardian Golem    Hex/Summ       6%         N/A       65%         3
 Summon Ice Beast         Ice/Summ       6%         N/A       96%         4
 Summon Lightning Spire   Summ/Air       6%         N/A       96%         4


Dungeon Overview and Level Annotations

Branches:
Dungeon (4/15)
 Temple: D:4-7

Altars:

Shops:
D:1 ?

Annotations:
D:2 !whip of electrocution, Robin


Innate Abilities, Weirdness & Mutations

You are completely covered in rugged brown scales. (AC +3, +7% HP)
You have supernaturally acute eyesight. (SInv)
Armour fits poorly on your strangely shaped body.
You can roll at nearby foes to attack.
You have a long armoured tail.


Message History

Your bat hits the orc wizard but does no damage.
The orc wizard barely misses your bat.
Your bat hits the orc wizard but does no damage.
The orc wizard misses your bat.
Your bat closely misses the orc wizard.
Your bat hits the orc wizard but does no damage.
Casting: Summon Small Mammal (safe; 16% risk of failure)
Confirm with . or Enter, or press ? or * to list all spells.
Your bat barely misses the orc wizard.
The orc wizard hits your bat with a +0 dagger.
Your bat hits the orc wizard but does no damage.
Your bat misses the orc wizard.
Your bat barely misses the orc wizard.
You swap places.
Your bat closely misses the orc wizard.
Your bat barely misses the orc wizard.
Your bat closely misses the orc wizard. x2
The orc wizard hits your bat with a +0 dagger.
Your bat dies!
Your bat's corpse disappears in a puff of smoke!
What are your orders? t - Shout!
Orders for allies: a - Attack new target. p - Attack previous target. r - Retreat! s - Stop attacking. g - Guard the area. f - Follow me.
Anything else - Cancel.
Gang up on whom?
Press: ? - help, Dir - move target, f/p - orc wizard
Aim: an orc wizard, wielding a +0 dagger and wearing a +0 robe (moderately wounded, ally target) Attack!
The orc wizard hits your rat with a +0 dagger.
Your rat bites the orc wizard but does no damage.
The orc wizard closely misses your rat.
Your rat bites the orc wizard.
The orc wizard misses your rat.
Your rat closely misses the orc wizard.
The orc wizard hits your rat with a +0 dagger.
Your rat dies!
Your rat's corpse disappears in a puff of smoke!
You aren't carrying any items that you can evoke.
Unknown command.
Throw: 7 darts (poison)
Press: ? - help, Shift-Dir - straight line, f/p - orc wizard
Aim: an orc wizard, wielding a +0 dagger and wearing a +0 robe (moderately wounded, 45% to hit)
You throw a poisoned dart.
The poisoned dart closely misses the orc wizard.
The orc wizard casts a spell at you.
The puff of flame hits you but does no damage.
Throw: 6 darts (poison)
Press: ? - help, Shift-Dir - straight line, f/p - orc wizard
Aim: an orc wizard, wielding a +0 dagger and wearing a +0 robe (moderately wounded, 45% to hit)
You throw a poisoned dart. The poisoned dart hits the orc wizard.
The orc wizard is poisoned.
The orc wizard is moderately wounded.
Throw: 5 darts (poison)
Press: ? - help, Shift-Dir - straight line, f/p - orc wizard
Aim: an orc wizard, wielding a +0 dagger and wearing a +0 robe (heavily wounded, poisoned, 45% to hit)
You throw a poisoned dart.
The poisoned dart closely misses the orc wizard.
The orc wizard gestures at you while chanting.
The puff of flame hits you!
* * * LOW HITPOINT WARNING * * *
Throw: 4 darts (poison)
Press: ? - help, Shift-Dir - straight line, f/p - orc wizard
Aim: an orc wizard, wielding a +0 dagger and wearing a +0 robe (heavily wounded, poisoned, 45% to hit)
You throw a poisoned dart.
The poisoned dart closely misses the orc wizard.
You closely miss the orc wizard.
Your tail-slap misses the orc wizard.
The orc wizard is heavily wounded.
The orc wizard hits you with a +0 dagger.
* * * LOW HITPOINT WARNING * * *
You hit the orc wizard but do no damage.
The orc wizard is heavily wounded.
The orc wizard hits you with a +0 dagger.
* * * LOW HITPOINT WARNING * * *
You closely miss the orc wizard.
The orc wizard is heavily wounded.
The orc wizard hits you but does no damage.
You completely miss the orc wizard.
The orc wizard is severely wounded.
The orc wizard looks more healthy.
The orc wizard points at you and mumbles some strange words.
You resist with some effort.
You closely miss the orc wizard.
The orc wizard is severely wounded.
The orc wizard hits you with a +0 dagger.
* * * LOW HITPOINT WARNING * * *
You hit the orc wizard.
The orc wizard is almost dead.
The orc wizard closely misses you.
You closely miss the orc wizard.
The orc wizard is almost dead.
The orc wizard barely misses you.
You closely miss the orc wizard.
The orc wizard is almost dead.
The orc wizard points at itself and mumbles some strange words.
The orc wizard flickers and vanishes for a moment.
You closely miss the orc wizard.
The orc wizard is almost dead.
The orc wizard barely misses you.
You barely miss the orc wizard.
The orc wizard is almost dead.
The orc wizard points at you and mumbles some strange words.
The puff of flame hits you.
You die...

.(..##.####.#
............############
#(#.##.................#####
... ###############.#.....# #.#
#...###.# #.# ##### #.# ##.##
#.# ....#####################
#.# ###....)>†...((o@.......#
#.#
#####################.###.#####
#.......... #####...... #######


You could see an orc wizard (invisible).

Vanquished Creatures
  A worker ant (D:3)
  2 adders (D:3)
  An ooze (D:2)
  A worm (D:3)
  A dart slug (D:1)
  2 leopard geckos
  4 orcs (D:3)
  2 giant cockroaches
  7 goblins
  3 hobgoblins
  4 jackals (D:3)
  4 bats
  3 frilled lizards (D:1)
  6 kobolds
  A rat (D:1)
42 creatures vanquished.

Vanquished Creatures (collateral kills)
  An ooze (D:3)
  A bat (D:1)
  4 goblins (D:1)
  4 kobolds
10 creatures vanquished.

Grand Total: 52 creatures vanquished

Notes
Turn   | Place    | Note
-------+----------+-------------------------------------------
     0 | D:1      | rednaxela the Palentonga Summoner began the quest for the
                  | Orb.
     0 | D:1      | Reached XP level 1. HP: 14/14 MP: 3/3
     6 | D:1      | Noticed a black bear
     6 | D:1      | Noticed a water moccasin
     6 | D:1      | Noticed a swamp worm
   198 | D:1      | Found Yvauraic's Magic Scroll Shoppe.
   223 | D:1      | Reached skill level 1 in Unarmed Combat
   648 | D:1      | Reached XP level 2. HP: 21/21 MP: 1/5
   722 | D:1      | Reached skill level 2 in Unarmed Combat
  1528 | D:1      | Reached XP level 3. HP: 21/27 MP: 4/6
  2157 | D:2      | Noticed Robin
  2284 | D:2      | Reached skill level 3 in Unarmed Combat
  3511 | D:3      | Reached XP level 4. HP: 23/35 MP: 4/7
  3523 | D:3      | Reached skill level 1 in Shields
  4109 | D:3      | Killed from afar by an orc wizard

Illustrated notes

Levels and vault maps discovered:
D:1:      onia_arrival_zoo_common, layout_loops_ring, serial_shops,
          nicolae_shop_temple_entry_statues_fountains
D:2:      minmay_general_purpose_star, layout_basic, kennysheep_small_spiral,
          uniq_robin
D:3:      layout_loops_ring
D:4:      layout_cave_pools, lemuel_doored_altar, nicolae_ru_awakened_eye,
          uniq_natasha

Skill      XL: |  1  2  3  4 |
---------------+-------------+-----
Unarmed Combat | 1 2 3 |  3.7
Shields        | 1 |  1.4
Dodging        | |  1.5
Stealth        | |  1.2
Spellcasting   | |  2.0
Summonings     | |  3.2

Action                   |  1- 3 |  4- 6 || total
-------------------------+-------+-------++-------
Melee: Unarmed           |   138 |    53 ||   191
       Tailslap          |     7 |     5 ||    12
       Punch             |     1 |       ||     1
Throw: Dart              |       |    13 ||    13
 Cast: Summon Small Mamm |    36 |     3 ||    39
 Abil: Rolling Charge    |     1 |       ||     1
  Use: Scroll            |     3 |       ||     3
 Stab: Distracted        |     2 |       ||     2
Armor: Robe              |     6 |       ||     6
       Ring mail         |    75 |    43 ||   118
Dodge: Dodged            |    56 |    33 ||    89
Block: Buckler           |     7 |    10 ||    17

Table legend: (Time is in decaauts)
 A = Elapsed time spent in this place.
 B = Non-inter-level travel time spent in this place.
 C = Inter-level travel time spent in this place.
 D = Time resting spent in this place.
 E = Time spent auto-exploring this place.
 F = Levels seen in this place.
 G = Mean time per level.
                   A        B        C        D        E       F      G
               +--------+--------+--------+--------+--------+-----+--------+
         Total |   4110 |   4053 |     57 |    760 |   2505 |   4 | 1027.5 |
       Dungeon |   4110 |   4053 |     57 |    760 |   2505 |   4 | 1027.5 |
               +--------+--------+--------+--------+--------+-----+--------+

Top non-repeatable levels by time:
     D:1: 2043 daAuts
     D:3: 1203 daAuts
     D:2: 824 daAuts
     D:4: 38 daAuts
